 Dungeon Crawl Stone Soup version 0.29-a0-819-g94b489e0ae (webtiles) character file.

Game seed: 14764648949571974658

72 Garessta the Scratcher (level 4, 19/19 HPs)
             Began as a Felid Transmuter on July 6, 2022.
             Was a Follower of Zin.
             Quit the game on level 2 of the Dungeon.
             The game lasted 00:03:38 (2007 turns).

Garessta the Scratcher (Felid Transmuter)           Turns: 2007, Time: 00:03:38

Health: 19/19      AC:  1    Str:  6    XL:     4   Next: 7%
Magic:  8/8        EV: 17    Int: 14    God:    Zin [*.....]
Gold:   82         SH:  0    Dex: 18    Spells: 1/7 levels left
                                        Lives:  1   Deaths: 0

rFire   . . .      SeeInvis +     - Unarmed
rCold   . . .      Faith    .   (shield unavailable)
rNeg    . . .      Spirit   .   (body armour unavailable)
rPois   .          Reflect  .   (helmet unavailable)
rElec   .          Harm     .   (cloak unavailable)
rCorr   .          Rampage  .   (gloves unavailable)
Will    .....                   (boots unavailable)
Stlth   ++........              (no amulet)
HPRegen 0.06/turn               (no ring)
MPRegen 0.11/turn               (no ring)

@: quick
A: very small, claws 1, fangs 3, see invisible, speed 1, shaggy fur 1, stealthy
paws, no weapons or thrown items, no armour, multi-lived
a: Renounce Religion, Recite, Donate Gold


You were on level 2 of the Dungeon.
You worshipped Zin.
Zin was aware of your devotion.
You visited 1 branch of the dungeon, and saw 2 of its levels.

You collected 91 gold pieces.
You donated 9 gold pieces to Zin.

Inventory:

Scrolls
 b - 2 scrolls of identify {unknown}
 d - a scroll of acquirement {unknown}
 f - a scroll of noise {unknown}
 i - 2 scrolls of summoning {unknown}
 j - a scroll of enchant armour {unknown}
Potions
 a - a potion of might {unknown}
 c - a potion of degeneration {unknown}
 e - 2 potions of cancellation {unknown}
 g - a potion of mutation {unknown}
 h - a potion of haste {unknown}


   Skills:
 - Level 1.8 Fighting
 - Level 2.6 Dodging
 - Level 3.3 Unarmed Combat
 - Level 2.3 Spellcasting
 + Level 3.2 Transmutations
 + Level 1.2 Poison Magic


You had one spell level left.
You knew the following spells:

 Your Spells              Type           Power      Damage    Failure   Level
a - Beastly Appendage     Tmut           20%        N/A       6%          1
b - Wereblood             Tmut           10%        N/A       9%          2
c - Spider Form           Tmut/Pois      8%         N/A       26%         3

Your spell library contained the following spells:

 Spells                   Type           Power      Damage    Failure   Level
 Ice Form                 Ice/Tmut       6%         N/A       75%         4


Dungeon Overview and Level Annotations

Branches:
Dungeon (2/15)

Altars:
Zin


Innate Abilities, Weirdness & Mutations

You have sharp claws.
You have razor-sharp teeth.
You have supernaturally acute eyesight. (SInv)
You cover ground quickly. (Speed+)
You are covered in fur. (AC +1)
Your paws help you pounce on unaware monsters.
You are incapable of wielding weapons or throwing items.
You cannot wear armour.
You gain extra lives every three experience levels.


Message History

Confirm with . or Enter, or press ? or * to list all spells.
You grow a pair of large bovine horns.
The kobold misses you.
You miss the kobold. The kobold closely misses you.
You scratch the kobold but do no damage.
Your transformation is almost over.
The kobold misses you.
You scratch the kobold.
The kobold is severely wounded.
The kobold hits you with a +0 dagger.
You scratch the kobold.
You kill the kobold!
No target in view!
No target in view!
No target in view!
No target in view!
No target in view!
No target in view!
No target in view!
No target in view!
No target in view!
No target in view!
No target in view!
Your horns disappear.
Things that are here:
a +0 dagger; a kobold corpse
Found an escape hatch in the floor.
There is an escape hatch in the floor here.
You open the door.
There is an open door here.
You see here a +0 leather armour.
Found a faded altar of an unknown god.
Done exploring.
Done exploring.
There is a faded altar of an unknown god here.
You cannot tell which god this altar belongs to.
Convert to them anyway?
Zin accepts your prayer! Zin welcomes you!
You pay a tithe of 9 gold.
You can now donate money to Zin.
You can now recite Zin's Axioms of Law.
Are you sure you want to abandon this character and quit the game? (Confirm with "yes".)

#.#
#.........##....#########
#.###.###...........#.....#
#.....#
#...........#.###.###
#######
#...........#.#<....#
######...........#.#.#.###
#..............#.#.#.#.###
#.....######.#<#.#...#....
#....########..#.#########
#....##.8@####.#.#
#....###..8##....#
#....##..#.##....# ###
#....##..####....# #..
#....##...###....# #..
#....####.P##....# #..
#....###..###....# #..
#######P.####....# #..
#8.8##......# #..


There were no monsters in sight!

Vanquished Creatures
  4 adders (D:2)
  A dart slug (D:2)
  7 bats
  5 endoplasms
  A giant cockroach (D:1)
  3 goblins
  4 hobgoblins (D:1)
  2 kobolds
  A quokka (D:1)
  2 frilled lizards
  3 rats
33 creatures vanquished.

Vanquished Creatures (others)
  A fungus (D:2)
  A plant (D:2)
2 creatures vanquished.

Grand Total: 35 creatures vanquished

Notes
Turn   | Place    | Note
-------+----------+-------------------------------------------
     0 | D:1      | Garessta the Felid Transmuter began the quest for the Orb.
     0 | D:1      | Reached XP level 1. HP: 9/9 MP: 4/4
   347 | D:1      | Reached XP level 2. HP: 12/12 MP: 4/6
   350 | D:1      | Learned a level 2 spell: Wereblood
  1491 | D:2      | Reached XP level 3. HP: 13/16 MP: 5/7
  1495 | D:2      | Learned a level 3 spell: Spider Form
  1724 | D:2      | Reached skill level 1 in Poison Magic
  1727 | D:2      | Reached XP level 4. HP: 17/19 MP: 8/8
  2001 | D:2      | Found a faded altar of an unknown god.
  2006 | D:2      | Prayed at the altar of an unknown god.
  2006 | D:2      | Became a worshipper of Zin the Law-Giver
  2006 | D:2      | Reached * piety under Zin
  2007 | D:2      | Quit the game

Illustrated notes

Levels and vault maps discovered:
D:1:      dpeg_arrival_round_a, layout_basic, nrook_mini_vaults
D:2:      layout_basic, shapermc_ecumenical_altar_petra

Skill      XL: |  1  2  3 |
---------------+----------+-----
Transmutations | 3 |  3.2
Poison Magic   | 1 |  1.2
Fighting       | |  1.8
Dodging        | |  2.6
Unarmed Combat | |  3.3
Spellcasting   | |  2.3

Action                   |  1- 3 |  4- 6 || total
-------------------------+-------+-------++-------
Melee: Unarmed           |    70 |     5 ||    75
       Headbutt          |     9 |     1 ||    10
       Punch             |     2 |       ||     2
       Bite              |     1 |       ||     1
 Cast: Beastly Appendage |    24 |     2 ||    26
       Wereblood         |     3 |       ||     3
  Use: Potion            |     1 |       ||     1
 Stab: Sleeping          |     2 |       ||     2
Armor: Skin              |    21 |       ||    21
Dodge: Dodged            |    68 |     4 ||    72

Table legend: (Time is in decaauts)
 A = Elapsed time spent in this place.
 B = Non-inter-level travel time spent in this place.
 C = Inter-level travel time spent in this place.
 D = Time resting spent in this place.
 E = Time spent auto-exploring this place.
 F = Levels seen in this place.
 G = Mean time per level.
                   A        B        C        D        E       F      G
               +--------+--------+--------+--------+--------+-----+--------+
         Total |   1740 |   1632 |    108 |      0 |   1357 |   2 |  870.0 |
       Dungeon |   1740 |   1632 |    108 |      0 |   1357 |   2 |  870.0 |
               +--------+--------+--------+--------+--------+-----+--------+

Top non-repeatable levels by time:
     D:1: 1077 daAuts
     D:2: 662 daAuts
